 Dungeon Crawl Stone Soup version 0.21.1-1-g345015f (webtiles) character file.

105 troglodite the Skirmisher (level 4, 0/37 HPs)
             Began as a Demonspawn Berserker on Feb 13, 2018.
             Was a Believer of Trog.
             Slain by Sigmund
             ... wielding a +0 scythe
              (12 damage)
             ... on level 2 of the Dungeon.
             The game lasted 00:04:41 (1262 turns).

troglodite the Skirmisher (Demonspawn Berserker)    Turns: 1262, Time: 00:04:42

Health: 0/37       AC: 10    Str: 18    XL:     4   Next: 53%
Magic:  4/4        EV: 11    Int:  8    God:    Trog [**....]
Gold:   74         SH:  0    Dex: 13    Spells: 3/3 levels left

rFire    . . .     SeeInvis .   i - +0 mace (drain)
rCold    . . .     Gourm    .   (no shield)
rNeg     . . .     Faith    .   g - +3 scale mail
rPois    .         Spirit   .   k - +0 helmet
rElec    .         Reflect  .   (no cloak)
rCorr    .         Harm     .   (no gloves)
MR       .....                  (no boots)
Stlth    +.........             (no amulet)
HPRegen  0.12/turn              l - +1 ring of evasion
MPRegen  0.09/turn              (no ring)

@: confused, berserk cooldown, slowed, very slow
A: talons 1, nightstalker 1
a: Berserk, Trog's Hand, Burn Spellbooks, Renounce Religion


You were on level 2 of the Dungeon.
You worshipped Trog.
Trog was pleased with you.
You were very hungry.

You visited 1 branch of the dungeon, and saw 2 of its levels.

You collected 74 gold pieces.

Inventory:

Hand Weapons
 a - a +0 falchion
 i - a +0 mace of draining (weapon)
Armour
 g - a +3 scale mail (worn)
 k - a +0 helmet (worn)
Jewellery
 l - a +1 ring of evasion (left hand)
Scrolls
 b - 2 scrolls of amnesia {unknown}
 d - a scroll of fog {unknown}
 e - 2 scrolls of enchant weapon {unknown}
 h - a scroll of identify {unknown}
 m - a scroll of blinking {unknown}
Potions
 j - a potion of brilliance {unknown}
Comestibles
 c - 3 rations
 f - 9 chunks of flesh


   Skills:
 * Level 3.8 Fighting
 + Level 3.3 Long Blades
 + Level 0.9 Maces & Flails
 * Level 2.3 Armour
 * Level 2.1 Dodging
 * Level 1.2 Stealth


You had 3 spell levels left.
You didn't know any spells.

Dungeon Overview and Level Annotations

Branches:
Dungeon (2/15)

Altars:

Annotations:
D:2 Sigmund


Innate Abilities, Weirdness & Mutations

You have sharp toenails.
You are slightly more attuned to the shadows.


Message History

No target in view!
Unknown command.
No target in view!
Unknown command.
No target in view!
Something hits you!
Things that are here:
a leopard gecko corpse; a jackal corpse You feel a strong urge to attack something.
You are no longer berserk.
You are exhausted.
You feel yourself slow down.
You closely miss something. You claw something. Something hits you!
Something hits you.
You miss something. You claw something.
You hear some strange, mumbled words.
You are confused.
You're too confused to move!
Something hits you.
You miss something. Something hits you but does no damage. Something hits you!
You die...

##..##.# #...##.#
#..###.# #..# #.# #
#..###.# .#
#......#######.###
#........##.......
#.....####.##.{.....
#.....####.##@#...#
#.....##....†.......
#........#.##.#####.
#.....####.##.# .
#.##.. ..##...
########


There were no monsters in sight!

Vanquished Creatures
  Terence (D:2)
  Robin (D:2)
  An adder (D:2)
  An ooze (D:2)
  A dart slug (D:1)
  3 leopard geckos
  3 giant cockroaches (D:1)
  12 goblins
  5 hobgoblins
  3 jackals (D:2)
  A quokka (D:2)
  A bat (D:1)
  A frilled lizard (D:2)
  7 kobolds
  4 rats
45 creatures vanquished.

Notes
Turn   | Place    | Note
-------+----------+-------------------------------------------
     0 | D:1      | troglodite the Demonspawn Berserker began the quest for the Orb.
     0 | D:1      | Reached XP level 1. HP: 18/18 MP: 1/1
   160 | D:1      | Gained mutation: You are slightly more attuned to the shadows. [demonic ancestry]
   160 | D:1      | Reached XP level 2. HP: 24/24 MP: 2/2
   855 | D:2      | Gained mutation: You have sharp toenails. [demonic ancestry]
   855 | D:2      | Reached XP level 3. HP: 29/29 MP: 3/3
   865 | D:2      | Noticed Terence
   874 | D:2      | Killed Terence
  1059 | D:2      | Noticed Robin
  1066 | D:2      | Reached ** piety under Trog
  1070 | D:2      | Reached skill level 1 in Stealth
  1074 | D:2      | Killed Robin
  1074 | D:2      | Reached XP level 4. HP: 30/37 MP: 4/4
  1240 | D:2      | Noticed Sigmund
  1262 | D:2      | Slain by Sigmund

Skill      XL: |  1  2  3 |
---------------+----------+-----
Long Blades    | 3 |  3.3
Armour         | 2 |  2.3
Dodging        | 2 |  2.1
Stealth        | 1 |  1.2
Fighting       | |  3.8
Maces & Flails | |  0.9

Action                   |  1- 3 |  4- 6 || total
-------------------------+-------+-------++-------
Melee: Falchion          |    50 |       ||    50
       Mace              |    41 |    31 ||    72
       Kick              |     5 |     7 ||    12
Invok: Berserk           |     2 |     1 ||     3
  Eat: Chunk             |     2 |     1 ||     3
Armor: Scale mail        |    59 |    28 ||    87
       Animal skin       |     1 |       ||     1
Dodge: Dodged            |    48 |    34 ||    82
       Rpst.: Falchion   |     8 |       ||     8
